 Dungeon Crawl Stone Soup version 0.27-a0-679-g77a6b55cf3 (webtiles) character file.

Game seed: 231931969377200345

300 Allula97 the Shield-Bearer (level 6, -1/48 HPs)
             Began as a Demonspawn Fighter on Mar 19, 2021.
             Was an Initiate of Ashenzari.
             Slain by Grinder (3 damage)
             ... while paralysed by Grinder
             ... on level 4 of the Dungeon.
             The game lasted 00:07:33 (4104 turns).

Allula97 the Shield-Bearer (Demonspawn Fighter)     Turns: 4104, Time: 00:07:33

Health: -1/48      AC: 11    Str: 18    XL:     6   Next: 13%
Magic:  6/6        EV:  2    Int:  9    God:    Ashenzari [......]
Gold:   160        SH:  0    Dex: 13    Spells: 5/5 levels left

rFire    . . .     SeeInvis .   a - +1 long sword
rCold    + . .     Faith    .   c - +0 kite shield
rNeg     . . .     Spirit   .   k - +0 chain mail
rPois    .         Reflect  .   (helmet restricted)
rElec    .         Harm     .   (no cloak)
rCorr    .         Rampage  .   h - +0 pair of gloves
Will     .....                  l - +0 pair of boots
Stlth    ..........             (no amulet)
HPRegen  0.16/turn              m - ring of protection from cold
MPRegen  0.20/turn              (no ring)

@: paralysed, very slightly contaminated, invisible
A: antennae 2, magic regeneration
a: Renounce Religion


You were on level 4 of the Dungeon.
You worshipped Ashenzari.
Ashenzari was noncommittal.
You visited 1 branch of the dungeon, and saw 4 of its levels.

You collected 160 gold pieces.

Inventory:

Hand Weapons
 a - a +1 long sword (weapon)
Armour
 b - a +0 scale mail
 c - a +0 kite shield (worn)
 h - a +0 pair of gloves (worn)
 k - a +0 chain mail (worn)
 l - a +0 pair of boots (worn)
Jewellery
 m - a ring of protection from cold (right hand)
Scrolls
 e - 6 scrolls of enchant weapon
 f - 2 scrolls of identify


   Skills:
 * Level 3.7 Fighting
 * Level 3.2 Long Blades
 * Level 3.6 Armour
 * Level 2.1 Dodging
 + Level 0.2 Stealth
 * Level 3.8 Shields


You had 5 spell levels left.
You didn't know any spells.
Your spell library was empty.

Dungeon Overview and Level Annotations

Branches:
Dungeon (4/15)
 Temple: D:4-7

Altars:
Ashenzari
Fedhas

Annotations:
D:1 DIG
D:4 Grinder


Innate Abilities, Weirdness & Mutations

You have a pair of antennae on your head.
You regenerate magic rapidly.


Message History

You can move again.
Grinder gestures at you. You resist with significant effort.
You hit Grinder.
Grinder is lightly wounded.
Grinder hits you.
You writhe in agony.
* * * LOW HITPOINT WARNING * * *
You barely miss Grinder.
Grinder is lightly wounded.
Grinder barely misses you.
You riposte.
You hit Grinder.
Grinder is moderately wounded.
You block Grinder's attack.
You slash Grinder!
Grinder is heavily wounded.
You block Grinder's attack.
You hit Grinder.
Grinder is heavily wounded.
You feel yourself speed up. You block Grinder's attack.
Grinder hits you but does no damage.
You feel better. You block Grinder's attack.
You closely miss Grinder.
Grinder is heavily wounded.
Your extra speed is starting to run out.
Grinder hits you but does no damage.
You hit Grinder.
Grinder is severely wounded.
Grinder gestures at you.
You suddenly lose the ability to move!
Grinder hits you!
* * * LOW HITPOINT WARNING * * *
Grinder hits you but does no damage. x3
You feel yourself slow down. Grinder gestures at you.
Pain shoots through your body!
* * * LOW HITPOINT WARNING * * *
You recover from your berserk rage.
Grinder hits you.
* * * LOW HITPOINT WARNING * * *
You writhe in agony.
You die...

####.....................
#......###.....[...######
#.##.#.# ####......# #.
##...#.# #......# .#
###.#.# #......# .# #.#.#
####...##.# ###<#.##
#.....# . #......# #5###.#
.#
###.#.#.#######@###.##.###
##.....!......###......#
#.#..........#.......#
............#.......#
<########)._..###### #
#.)#..# #..#......>#
#.###.####.# #..###..


You could see Grinder.

Vanquished Creatures
  A phantom (D:4)
  A water moccasin skeleton (D:4)
  An orc priest (D:3)
  2 adders (D:2)
  4 gnolls (D:3)
  An adder skeleton (D:4)
  2 worms (D:2)
  5 dart slugs
  2 leopard geckos
  5 orcs
  7 bats
  6 giant cockroaches
  7 goblins
  5 hobgoblins
  3 jackals (D:1)
  4 kobolds
  2 quokkas
  8 frilled lizards
  6 rats
72 creatures vanquished.

Notes
Turn   | Place    | Note
-------+----------+-------------------------------------------
     0 | D:1      | Allula97 the Demonspawn Fighter began the quest for the
                  | Orb.
     0 | D:1      | Reached XP level 1. HP: 18/18 MP: 1/1
   204 | D:1      | Gained mutation: You have a pair of small antennae on your
                  | head. [demonic ancestry]
   204 | D:1      | Reached XP level 2. HP: 12/24 MP: 2/2
   954 | D:1      | Gained mutation: You have a pair of antennae on your head.
                  | [demonic ancestry]
   954 | D:1      | Reached XP level 3. HP: 28/29 MP: 3/3
  1269 | D:2      | HP: 1/29 [poisoned by an adder]
  1968 | D:2      | Reached XP level 4. HP: 24/35 MP: 4/4
  2883 | D:3      | Reached skill level 1 in Dodging
  3256 | D:3      | Found a blossoming altar of Fedhas.
  3314 | D:3      | Gained mutation: You regenerate magic rapidly. [demonic
                  | ancestry]
  3314 | D:3      | Reached XP level 5. HP: 40/41 MP: 5/5
  3991 | D:4      | Noticed a phantom
  4004 | D:4      | Killed a phantom
  4015 | D:4      | Reached XP level 6. HP: 28/48 MP: 6/6
  4043 | D:4      | Found a broken altar of Ashenzari.
  4047 | D:4      | Noticed Grinder
  4053 | D:4      | Became a worshipper of Ashenzari the Shackled
  4061 | D:4      | Paralysed by Grinder for 3 turns
  4070 | D:4      | Paralysed by Grinder for 5 turns
  4086 | D:4      | Paralysed by Grinder for 3 turns
  4098 | D:4      | Paralysed by Grinder for 7 turns
  4104 | D:4      | HP: 2/48 [Grinder (5)]
  4104 | D:4      | Slain by Grinder

Illustrated notes

Levels and vault maps discovered:
D:1:      minmay_arrival_solitary_statue, layout_loops_corners,
          due_unseen_surprise
D:2:      layout_basic
D:3:      layout_basic, marbit_many_paths
D:4:      layout_loops_cross, pdpol_temple_overflow_zin_treasury_gozag_greed,
          kiku_gazebo_pond_becter, cheibrodos_ashenzari_chains, uniq_grinder,
          uniq_natasha

Skill      XL: |  1  2  3  4  5 |
---------------+----------------+-----
Shields        | 3 |  3.8
Long Blades    | 2 3 |  3.2
Armour         | 3 |  3.6
Dodging        | 1 2 |  2.1
Fighting       | |  3.7
Stealth        | |  0.2

Action                   |  1- 3 |  4- 6 || total
-------------------------+-------+-------++-------
Melee: Long sword        |   166 |   123 ||   289
  Use: Potion            |     1 |     7 ||     8
       Scroll            |       |     4 ||     4
 Stab: Invisible         |       |     1 ||     1
Armor: Scale mail        |    55 |       ||    55
       Chain mail        |    53 |    75 ||   128
Dodge: Dodged            |    40 |    22 ||    62
Block: Kite shield       |    93 |    76 ||   169
       Rpst.: Long sword |    13 |     8 ||    21

Table legend: (Time is in decaauts)
 A = Elapsed time spent in this place.
 B = Non-inter-level travel time spent in this place.
 C = Inter-level travel time spent in this place.
 D = Time resting spent in this place.
 E = Time spent auto-exploring this place.
 F = Levels seen in this place.
 G = Mean time per level.
                   A        B        C        D        E       F      G
               +--------+--------+--------+--------+--------+-----+--------+
         Total |   4241 |   4162 |     79 |    328 |   2898 |   4 | 1060.2 |
       Dungeon |   4241 |   4162 |     79 |    328 |   2898 |   4 | 1060.2 |
               +--------+--------+--------+--------+--------+-----+--------+

Top non-repeatable levels by time:
     D:2: 1553 daAuts
     D:3: 1327 daAuts
     D:1: 1212 daAuts
     D:4: 147 daAuts
